AoeStats
← Kiritastrich

Arabia

503147611Analyzed
1v1 RM · 1mo ago on Aug 30, 2026· 24m 24s· 2 players
Game mode
Random Map
Map size
Tiny (2 player)
Population
200
Speed
Normal
Resources
Standard
Victory
Conquest
Starting age
Dark Age
Ending age
Imperial Age
RankedLock teamsTeams togetherTeam positionsShared explorationLock speedFull tech treeHidden civsTurbo modeCheats
Victory
Defeat
🇭🇰 Persians · Hong Kong SAR China
2280
+3
🇷🇺 Sicilians · Russia
1882
-3
牙dog
7:39 Loom
9:49 Feudal Age
9:45 Man-at-Arms
12:14 Double-Bit Axe
15:35 Fletching
16:39 Wheelbarrow
20:25 Castle Age
20:11 Crossbowman
20:47 Bodkin Arrow
21:09 Padded Archer Armor
21:04 Gold Mining
22:57 Ballistics
24:07 Leather Archer Armor
Kiritastrich
6:55 Loom
9:38 Feudal Age
15:22 Double-Bit Axe
15:58 Horse Collar
17:04 Fletching
19:24 Wheelbarrow
20:36 Padded Archer Armor
24:58 Castle Age
Connection lost

Rejoining the realm…

Still unreachable

The connection could not be restored.

Session expired

The server has moved on; the page needs a fresh start.